cohdb
Replays
Latest Replays
All Replays
Popular Replays
Top Player Replays
Match Explorer
How It Works
Community
CoH3 Stats
Reddit
Sign in to upload your games and track your stats! →
Sign in with Steam
Match 39213512
Unlisted
Match 39213512
Overview
Messages
Build Orders
End
Kradschützen Motorcycle Team
Panzergrenadier Squad
250 Light Carrier
Panzergrenadier Squad
Construct Light Support Kompanie
MG34 Team
Assault Grenadier Squad
2.5-tonne Medical Truck
Fire Support Elements
Flakvierling Half-track
Construct Mechanized Kompanie
Assault Grenadier Squad
Marder III Tank Destroyer
Marder III Tank Destroyer
StuG III D Assault Gun
Selects Armored Support Battlegroup
Assault Grenadier Squad
MG34 Team
Construct Panzerarmee Kommand
attackhammer
Bootyquake
0
0
Comments
sign in to comment!
No comments posted yet!